 Dungeon Crawl Stone Soup version 0.18.1-8-gdd0e5ea (webtiles) character file.

1660558 kalstrams the Hoplite (level 27, 202/262 HPs)
             Began as a Minotaur Fighter on June 5, 2016.
             Was a High Priest of Okawaru.
             Escaped with the Orb
             ... and 3 runes!
             The game lasted 06:43:05 (73628 turns).

kalstrams the Hoplite (Minotaur Fighter)           Turns: 73628, Time: 06:43:05

Health: 202/262    AC: 51    Str: 29      XL:     27
Magic:  33/33      EV: 26    Int:  8 (9)  God:    Okawaru [*****.]
Gold:   5696       SH: 39    Dex: 24      Spells: 0 memorised, 26 levels left

rFire  + . .     SeeInvis .     S - +7 eveningstar (freeze)
rCold  + + .     Gourm    .     B - +9 crystal plate armour "Kugatuy" {rPois rN+ Dex+3}
rNeg   + + +     Faith    .     Z - +8 large shield
rPois  +         Spirit   +     T - +2 hat of the Bear Spirit {Spirit, +Rage rN+ MR++}
rElec  +         Dismiss  .     n - +2 cloak "Tihirgh" {rN+ Str-3 Int+3}
rCorr  +         Reflect  +     r - +2 pair of gloves {Dex+3}
SustAt +         Harm     .     R - +1 pair of boots of Anaesthesia {rC++}
MR     ++++.     Rnd*Rage +     i - +3 amulet of reflection
Stlth  .......... Rnd*Tele +    o - ring "Nuall" {SustAt rElec Str+7}
                                H - ring "Voagy" {rCorr +Fly rElec rF+}

@: very slightly contaminated, studying Invocations, incredibly resistant to
hostile enchantments, extremely unstealthy
A: retaliatory headbutt, horns 2, berserk 1, teleportitis 1
a: Heroism, Finesse, Renounce Religion, Evoke Berserk Rage, Evoke Flight
0: Orb of Zot
}: 3/15 runes: decaying, silver, gossamer


You escaped.
You worshipped Okawaru.
Okawaru was extremely pleased with you.
You were not hungry.

You visited 11 branches of the dungeon, and saw 53 of its levels.
You also visited: Labyrinth, Trove and Ice Cave.

You collected 7929 gold pieces.
You spent 2233 gold pieces at shops.

Inventory:

Hand Weapons
 y - the +6 eveningstar of Abuse {vamp, MR+ Dex+3 SInv}
   (Okawaru gifted it to you on level 8 of the Lair of Beasts)

   It inflicts no extra harm, but heals its wielder somewhat when it strikes a
   living foe.
   It affects your dexterity (+3).
   It affects your resistance to hostile enchantments.
   It lets you see invisible.
 S - a +7 eveningstar of freezing (weapon)
 X - the +8 eveningstar "Dafom" {venom, *Confuse rF+++ rN++ Str+3}
   (Okawaru gifted it to you on level 5 of the Realm of Zot)

   It poisons the flesh of those it strikes.
   It affects your strength (+3).
   It renders you almost immune to fire.
   It greatly protects you from negative energy.
   It may confuse you when you take damage.
Armour
 n - the +2 cloak "Tihirgh" (worn) {rN+ Str-3 Int+3}
   (You found it on level 3 of the Spider Nest)

   It affects your strength (-3).
   It affects your intelligence (+3).
   It protects you from negative energy.
 r - a +2 pair of gloves of dexterity (worn)
 B - the +9 crystal plate armour "Kugatuy" (worn) {rPois rN+ Dex+3}
   (Okawaru gifted it to you on level 6 of the Lair of Beasts)

   It affects your dexterity (+3).
   It protects you from poison.
   It protects you from negative energy.
 R - the +1 pair of boots of Anaesthesia (worn) {rC++}
   (Okawaru gifted it to you on level 1 of the Vaults)

   It greatly protects you from cold.
 T - the +2 hat of the Bear Spirit (worn) {Spirit, +Rage rN+ MR++}
   (Okawaru gifted it to you on level 5 of the Lair of Beasts)

   It protects you from negative energy.
   It affects your resistance to hostile enchantments.
   It lets you go berserk.
 Z - a +8 large shield (worn)
Rods
 W - a +4 iron rod (10/10)
   (You found it on level 5 of the Lair of Beasts)
Jewellery
 f - a +4 ring of slaying
 i - a +3 amulet of reflection (around neck)
 o - the ring "Nuall" (right hand) {SustAt rElec Str+7}
   (You bought it in a shop on level 5 of the Vaults)

   [ring of sustain attributes]

   It sustains your strength, intelligence and dexterity.
   It affects your strength (+7).
   It insulates you from electricity.
 v - the ring of Adytag {rCorr rC+ rN+++ Int-5 Slay+3}
   (You took it off a salamander stormcaller on level 3 of the Vaults)

   [ring of resist corrosion]

   It affects your intelligence (-5).
   It affects your accuracy and damage with ranged weapons and melee attacks
   (+3).
   It protects you from cold.
   It renders you almost immune to negative energy.
 A - the ring of the Amoeba {rElec MP+9 Int+2 Stlth+}
   (You found it on level 8 of the Lair of Beasts)

   [ring of magical power]

   It affects your intelligence (+2).
   It insulates you from electricity.
   It affects your magic capacity (+9).
   It makes you more stealthy.
 H - the ring "Voagy" (left hand) {rCorr +Fly rElec rF+}
   (You bought it in a shop on level 5 of the Vaults)

   [ring of resist corrosion]

   It protects you from fire.
   It insulates you from electricity.
   It lets you fly.
Wands
 a - a wand of disintegration (18/24)
 E - a wand of digging (13/24)
 K - a wand of digging (20/24)
 M - a wand of disintegration (22/24)
 U - a wand of teleportation (9/9)
 V - a wand of disintegration (24/24)
Scrolls
 e - 8 scrolls of fog
 l - a scroll of enchant armour
 m - 19 scrolls of teleportation
 p - 5 scrolls of blinking
 s - 29 scrolls of remove curse
 w - 13 scrolls of amnesia
 x - 9 scrolls of fear
 z - 12 scrolls of magic mapping
 C - 2 scrolls of summoning
 G - 3 scrolls of holy word
 N - 3 scrolls of identify
Potions
 d - 3 potions of invisibility
 t - 20 potions of curing
 u - 4 potions of ambrosia
 D - 12 potions of flight
 J - 6 potions of brilliance
 L - 8 potions of cancellation
 P - 5 potions of heal wounds
 Y - a potion of agility
Books
 g - a manual of Invocations
Miscellaneous
 j - a phial of floods
 k - the horn of Geryon
 I - a box of beasts {used: 1}
 O - a sack of spiders
Comestibles
 h - 31 fruits
 q - 13 beef jerkies
 Q - 20 royal jellies


   Skills:
 + Level 24.3 Fighting
 - Level 16.1 Maces & Flails
 + Level 24.0 Armour
 + Level 23.9 Dodging
 - Level 25.5 Shields
 - Level 12.2 Invocations
 + Level 15.9 Evocations


You had 26 spell levels left.
You didn't know any spells.

Dungeon Overview and Level Annotations

Branches:
Dungeon (15/15)            Temple (1/1) D:4            Lair (8/8) D:9
  Swamp (4/4) Lair:5       Spider (4/4) Lair:6        Slime (0/6) Lair:7
    Orc (2/2) D:9             Elf (3/3) Orc:2        Vaults (5/5) D:14
  Crypt (0/3) Vaults:3     Depths (5/5) D:15           Hell (1/1)
    Dis (0/7) Hell            Geh (0/7) Hell            Coc (0/7) Hell
    Tar (0/7) Hell            Zot (5/5) Depths:5

Altars:
Ashenzari
Cheibriados
Dithmenos
Elyvilon
Fedhas
Gozag
Kikubaaqudgha
Makhleb
Nemelex Xobeh
Okawaru
Pakellas
Qazlal
Ru
Sif Muna
Trog
Vehumet
Xom
Yredelemnul
Zin
The Shining One
Jiyva
Lugonu

Shops:
D:15 ?   Orc:2 :[(*   Elf:2 =   Vaults:5 =

Portals:
Hell: Depths:1 Depths:2 Depths:3 Depths:4 Depths:5
Abyss: Depths:4
Pandemonium: Depths:2 Depths:3
Ziggurat: Depths:5

Annotations:
Elf:1 exclusion: orange crystal statue


Innate Abilities, Weirdness & Mutations

You reflexively headbutt those who attack you in melee.
You have a pair of horns on your head.
You tend to lose your temper in combat.
You are occasionally teleported next to monsters.


Message History

You block the sixfirhy's attack. The sixfirhy completely misses you.
You block the sixfirhy's attack. You block the sixfirhy's attack.
You block the sixfirhy's attack. x2; The sixfirhy misses you.
You furiously retaliate!
You headbutt the sixfirhy. You block the sixfirhy's attack.
An Orb Guardian comes into view.
You block the sixfirhy's attack. x2
The sixfirhy hits you but does no damage.
You block the sixfirhy's attack.
Evoke which item? (* to show all) (? for menu, Esc to quit)
Zapping:
M - a wand of disintegration (23/24)
Press: ? - help, Shift-Dir - straight line The rock wall explodes into countless fragments.
This wand has 22 charges left.
You block the sixfirhy's attack. x3
The sixfirhy misses you.
There is a staircase leading out of the dungeon here.
Search for what [Enter for "haste", or ? for help]? gift You block the sixfirhy's attack.
You have escaped!

....>.........................##
....###############.###.#....##
....### #####.#.#.#.##.###
......# #.....#.#........##
......# #..####.###.##....#
......# ####..# #.##.....#..#
......######....## #.#...#####..
.............#.######.#####8####†
............X..4@..........(.....
...X..####..#.)######.#####8###..
..##### ##.........#.#.#.### ##.
..# #.........#.#.#.# ###. ..##
#.........#.#.#.# #...
...########..##.###.#.#.#.# #...
..............#.###.#.#.#.####...
.....###.##.#.......###.#....>...
...........................###...


You could see an Orb Guardian and a sixfirhy.

Vanquished Creatures
  An ancient lich (Zot:5)
  6 orbs of fire
  Sojobo (Depths:5)
  the Lernaean hydra (Swamp:4)
  2 curse toes
  3 Killer Klowns (Zot:5)
  Geryon (Hell)
  Margery (Depths:1)
  A caustic shrike (shapeshifter) (Depths:3)
  9 golden dragons
  2 bone dragons
  Nikola (Elf:2)
  An iron giant (Depths:4)
  Jorgrun (Depths:5)
  Arachne (Spider:3)
  2 electric golems
  Rupert (D:14)
  25 Orb Guardians (Zot:5)
  10 tentacled monstrosities
  2 deep elf blademasters
  4 liches
  7 titans
  A deep elf master archer (Elf:3)
  2 quicksilver dragons (Vaults:5)
  6 sphinxes
  5 death cobs
  10 shadow dragons
  A thorn hunter (Depths:2)
  9 storm dragons
  3 tengu reavers
  An azure jelly (Depths:2)
  5 draconian monks
  5 fire giants
  12 frost giants
  4 ghost moths
  7 draconian knights
  An orc warlord (Orc:2)
  Donald (Spider:1)
  7 emperor scorpions
  19 vault wardens
  Wiglaf (Elf:2)
  10 deep elf sorcerers
  Maud (Lair:3)
  7 deep elf elementalists
  An iron dragon (Depths:2)
  Louise (D:15)
  2 draconian scorchers
  10 draconian zealots
  3 reapers (Hell)
  18 ironheart preservers
  2 spriggan defenders
  A curse skull (Vaults:3)
  3 draconian annihilators
  3 draconian callers
  30 very ugly things
  8 war gargoyles
  18 stone giants
  4 salamander stormcallers
  7 black draconians
  Azrael (D:14)
  7 vampire knights
  10 green draconians
  5 deep elf demonologists
  14 red draconians
  6 mottled draconians
  9 deep elf annihilators
  6 white draconians
  5 spark wasps
  7 yellow draconians
  9 purple draconians
  10 deep elf death magi
  A blizzard demon (Depths:3)
  11 ettins
  38 vault guards
  A minotaur (Lab)
  18 fire dragons
  9 crystal guardians
  7 entropy weavers
  11 deep elf high priests
  A hell beast (Depths:1)
  Erolcha (D:8)
  The ghost of Apostate the Cruncher, a journeyman DsGl of Okawaru (D:10)
  7 great orbs of eyes
  11 ice dragons
  6 rakshasas
  14 yaktaur captains
  27 hydras
  4 spriggan air magi
  6 centaur warriors
  6 alligators
  A monstrous demonspawn (Depths:3)
  2 anacondas (Depths:2)
  7 deep troll earth magi
  12 ogre magi
  2 catoblepae
  23 dancing weapons
  10 deep troll shamans
  2 small abominations (Elf:3)
  A death knight (Vaults:3)
  A vampire mage (Depths:3)
  4 orc high priests
  A shock serpent (shapeshifter) (Vaults:5)
  6 spriggan berserkers
  17 deep elf knights
  3 tengu warriors
  3 sun demons
  3 iron golems (Hell)
  A titan skeleton (Depths:3)
  4 soul eaters (Hell)
  A fire crab (Vaults:5)
  3 shadow wraiths
  A salamander mystic (Depths:4)
  4 iron trolls
  14 hell knights
  An unseen horror (shapeshifter) (Vaults:1)
  6 skeletal warriors
  A storm dragon skeleton (Depths:3)
  A spriggan druid (Swamp:2)
  4 unseen horrors
  2 large abominations (Elf:3)
  A swamp dragon (shapeshifter) (D:13)
  A ghost moth zombie (Hell)
  7 swamp dragons
  30 deep trolls
  4 flayed ghosts
  11 necromancers
  Pikel (D:4)
  2 anaconda skeletons (Hell)
  6 giant orange brains
  A phantasmal warrior (Vaults:5)
  A harpy (shapeshifter) (Depths:4)
  A putrid demonspawn (Depths:3)
  6 hill giants
  17 deep elf archers
  2 lindwurms
  12 orc knights
  An orange crystal statue (Vaults:4)
  24 orb spiders
  15 ironbrand convokers
  A lindwurm (shapeshifter) (Vaults:1)
  A shambling mangrove (Swamp:2)
  6 harpies
  A wolf spider zombie (D:15)
  An iron dragon zombie (Depths:3)
  5 wizards
  67 deep elf magi
  31 wolf spiders
  28 ugly things
  The ghost of Stratum the Nimble, a novice MfGl (D:6)
  20 moths of wrath
  2 orc sorcerers (Orc:2)
  5 salamanders
  9 griffons
  A manticore (shapeshifter) (Depths:3)
  4 cyclopes
  13 hornets
  11 vault sentinels
  2 human skeletons (Vaults:3)
  5 manticores
  Maurice (D:8)
  A guardian serpent (Lair:8)
  A black mamba (shapeshifter) (Vaults:5)
  36 elephants
  A guardian serpent (shapeshifter) (Vaults:4)
  3 rust devils (Hell)
  A smoke demon (Depths:3)
  A molten gargoyle (Hell)
  7 black mambas
  A water nymph (shapeshifter) (Vaults:5)
  3 ice statues
  20 spiny frogs
  4 gargoyles
  3 torpor snails
  A catoblepas zombie (Hell)
  15 demonic crawlers
  2 efreet
  5 rime drakes
  A komodo dragon (shapeshifter) (Vaults:3)
  6 kobold demonologists
  34 yaktaurs
  12 ice devils
  5 freezing wraiths
  7 trolls
  6 komodo dragons
  4 hellwings
  A red devil (Hell)
  2 queen bees (shapeshifter)
  42 jumping spiders
  23 two-headed ogres
  2 jumping spiders (shapeshifter)
  11 polar bears
  A wind drake (shapeshifter) (Vaults:1)
  6 giant leeches
  3 hydra zombies (Hell)
  A queen bee (D:15)
  Grinder (D:5)
  7 boulder beetles
  24 blink frogs
  3 bog bodies
  23 slime creatures
  A snapping turtle (shapeshifter) (Vaults:3)
  5 raiju
  A frost giant simulacrum (Vaults:1)
  A spriggan (shapeshifter) (Vaults:4)
  27 tarantellas
  6 spriggans
  A vampire (D:11)
  3 shadows
  11 air elementals
  3 alligator skeletons (Hell)
  64 yaks
  96 redbacks
  13 water elementals
  10 wyverns
  18 humans (D:14)
  14 hippogriffs
  A salamander simulacrum (Vaults:3)
  2 wraiths
  3 basilisks
  A catoblepas simulacrum (Hell)
  20 fire elementals
  A hippogriff (shapeshifter) (Vaults:1)
  2 hungry ghosts
  27 vampire mosquitoes
  A yaktaur simulacrum (Vaults:2)
  A neqoxec (Depths:3)
  2 mottled dragons
  10 swamp worms
  12 wargs
  2 mottled dragons (shapeshifter) (Vaults:1)
  Menkaure (D:5)
  A soldier ant (D:14)
  A hydra simulacrum (Hell)
  3 insubstantial wisps (Swamp:2)
  20 water moccasins
  A spiny frog zombie (Hell)
  Edmund (D:5)
  A soldier ant (shapeshifter) (Vaults:4)
  2 giant eyeballs
  13 hell hounds
  7 porcupines
  A water moccasin (shapeshifter) (Vaults:4)
  An entropy weaver simulacrum (Vaults:2)
  A hell hound (shapeshifter) (Depths:1)
  40 orc warriors
  A sky beast (D:11)
  14 swamp drakes
  14 black bears
  22 wasps
  An eye of draining (shapeshifter) (Vaults:5)
  47 ogres
  2 phantoms
  9 ice beasts
  11 centaurs
  An ettin simulacrum (Vaults:3)
  10 boggarts
  2 necrophages (D:7)
  22 wolves
  3 orc skeletons (Vaults:2)
  14 crocodiles
  5 big kobolds
  3 gnoll sergeants
  Blork the orc (D:5)
  22 giant frogs
  3 wyvern zombies
  3 earth elementals
  A glowing shapeshifter simulacrum (Vaults:2)
  A wyvern skeleton (D:12)
  Dowan (D:4)
  6 scorpions
  25 killer bees
  2 howler monkeys (D:12)
  11 wights
  7 electric eels
  2 jellies
  2 giant frog zombies
  5 centaur zombies
  A human simulacrum (Vaults:3)
  4 quasits
  11 crimson imps
  3 draconian simulacra (IceCv)
  23 hounds
  13 orc priests
  2 iron imps (Hell)
  21 orc wizards
  10 centaur skeletons
  3 giant frog skeletons
  Natasha (thrice) (D:3 D:5)
  13 iguanas
  17 worker ants
  4 troll simulacra (IceCv)
  59 sheep
  2 centaur simulacra (IceCv)
  A worker ant zombie (D:11)
  12 gnolls
  18 adders
  A naga simulacrum (IceCv)
  A howler monkey skeleton (D:8)
  86 river rats
  7 shadow imps
  2 white imps (Depths:3)
  An ufetubus (Depths:3)
  An ooze (D:6)
  An adder skeleton (D:6)
  4 worms
  9 giant geckos
  77 orcs
  A ball python (D:5)
  9 bats
  9 giant cockroaches
  9 goblins
  10 hobgoblins
  10 jackals
  22 kobolds
  4 quokkas
  2 giant gecko skeletons (D:4)
  4 giant newts
  A jackal skeleton (D:4)
  2 quokka skeletons
  7 rats
  3 fungi (Lair:8)
  7 plants
2646 creatures vanquished.

Vanquished Creatures (collateral kills)
  2 tentacled monstrosities (Zot:3)
  4 reapers (Hell)
  A hell knight (Hell)
  A necromancer (Hell)
  A rust devil (Hell)
  An ice devil (Hell)
  A red devil (Hell)
11 creatures vanquished.

Vanquished Creatures (others)
  A deep elf master archer (Elf:3)
  A death cob (Zot:2)
  A fire giant (Depths:3)
  A draconian zealot (Zot:1)
  A red draconian (Zot:2)
  A merfolk javelineer (Depths:2)
  3 yaktaur captains
  A centaur warrior (Depths:1)
  A deep elf knight (Elf:3)
  A deep troll (Depths:5)
  10 deep elf archers
  A moth of wrath (Zot:2)
  Duvessa (D:4)
  11 yaktaurs
  2 slaves (D:4)
  3 boggarts
  5 centaurs
  A hound (D:4)
  An iguana (D:4)
  An adder (D:4)
  A giant cockroach (D:4)
  74 fungi
  53 plants
  11 toadstools (Lair:5)
187 creatures vanquished.

Grand Total: 2844 creatures vanquished

Notes
Turn   | Place    | Note
--------------------------------------------------------------
     0 | D:1      | kalstrams the Minotaur Fighter began the quest for the Orb.
     0 | D:1      | Reached XP level 1. HP: 19/19 MP: 0/0
   159 | D:1      | Reached XP level 2. HP: 21/27 MP: 1/1
   461 | D:1      | Reached skill level 4 in Shields
   666 | D:2      | Reached XP level 3. HP: 33/33 MP: 2/2
   742 | D:2      | Reached skill level 1 in Dodging
   934 | D:2      | Found a glowing silver altar of Zin.
  1230 | D:2      | Found a sparkling altar of Nemelex Xobeh.
  1240 | D:2      | Reached XP level 4. HP: 40/40 MP: 3/3
  1556 | D:3      | Noticed Natasha
  1564 | D:3      | Killed Natasha
  1596 | D:3      | Found a white marble altar of Elyvilon.
  1822 | D:3      | Found a shimmering altar of Xom.
  1822 | D:3      | Found a shimmering altar of Xom.
  1823 | D:3      | Found a shimmering altar of Xom.
  1823 | D:3      | Found a shimmering altar of Xom.
  1824 | D:3      | Found a shimmering altar of Xom.
  1824 | D:3      | Found a shimmering altar of Xom.
  2216 | D:3      | Found a deep blue altar of Sif Muna.
  2303 | D:4      | Noticed a slave
  2304 | D:4      | Noticed a slave
  2305 | D:4      | Noticed Pikel
  2305 | D:4      | Noticed a slave
  2308 | D:4      | Noticed Dowan
  2309 | D:4      | Noticed a slave
  2329 | D:4      | Killed Pikel
  2329 | D:4      | Reached skill level 5 in Fighting
  2329 | D:4      | Reached skill level 5 in Maces & Flails
  2329 | D:4      | Reached skill level 6 in Shields
  2329 | D:4      | Reached XP level 5. HP: 20/48 MP: 4/4
  2329 | D:4      | Reached XP level 6. HP: 23/56 MP: 5/5
  2329 | D:4      | Reached XP level 7. HP: 25/61 MP: 6/6
  2335 | D:4      | Killed Dowan
  2335 | D:4      | Reached skill level 5 in Armour
  2455 | D:4      | Killed Duvessa
  2803 | D:4      | Found a staircase to the Ecumenical Temple.
  2816 | Temple   | Entered the Ecumenical Temple
  3204 | D:4      | HP: 3/61 [orc priest/divine providence (12)]
  3536 | D:4      | Found an iron altar of Okawaru.
  3539 | D:4      | Became a worshipper of Warmaster Okawaru
  3652 | D:4      | Reached XP level 8. HP: 66/69 MP: 7/7
  3775 | D:5      | Entered Level 5 of the Dungeon
  3776 | D:5      | Noticed Menkaure
  3782 | D:5      | Killed Menkaure
  3827 | D:5      | Reached skill level 7 in Shields
  3968 | D:5      | Found an iron altar of Okawaru.
  3971 | D:5      | Got a jewelled chain mail
  3975 | D:5      | Identified the +7 chain mail of Evolution {MP+9} (You found it on level 5 of the Dungeon)
  3987 | D:5      | Noticed Natasha
  3988 | D:5      | Noticed Grinder
  3996 | D:5      | Killed Natasha
  4006 | D:5      | Paralysed by Grinder for 3 turns
  4020 | D:5      | Killed Grinder
  4366 | D:5      | Reached * piety under Okawaru
  4405 | D:5      | Noticed Edmund
  4417 | D:5      | Killed Edmund
  4560 | D:5      | Noticed Blork the orc
  4566 | D:5      | Killed Blork the orc
  4657 | D:5      | Noticed Natasha
  4663 | D:5      | Killed Natasha
  4720 | D:6      | Reached skill level 8 in Shields
  4739 | D:6      | Noticed Stratum's ghost (novice MfGl)
  4763 | D:6      | Killed Stratum's ghost
  4763 | D:6      | Reached ** piety under Okawaru
  4763 | D:6      | Reached skill level 1 in Invocations
  4763 | D:6      | Reached XP level 9. HP: 41/78 MP: 8/8
  5369 | D:6      | Found a sparkling altar of Nemelex Xobeh.
  6151 | D:7      | Reached skill level 5 in Dodging
  6324 | D:7      | Reached skill level 9 in Shields
  6326 | D:7      | Reached *** piety under Okawaru
  6701 | D:8      | Noticed Maurice
  6713 | D:8      | Killed Maurice
  6713 | D:8      | Reached XP level 10. HP: 80/86 MP: 10/10
  6826 | D:8      | Reached **** piety under Okawaru
  6918 | D:8      | Found a shattered altar of Ashenzari.
  7099 | D:8      | Found an opulent altar of Gozag.
  7125 | D:8      | Noticed Erolcha
  7137 | D:8      | Killed Erolcha
  7137 | D:8      | Reached skill level 10 in Maces & Flails
  7137 | D:8      | Reached skill level 10 in Shields
  7247 | D:8      | Found a radiant altar of Vehumet.
  7708 | D:9      | Reached ***** piety under Okawaru
  7971 | D:9      | Found a staircase to the Lair.
  7991 | D:9      | Reached XP level 11. HP: 84/95 MP: 13/13
  8002 | D:9      | Reached skill level 11 in Shields
  8084 | D:9      | Found a staircase to the Orcish Mines.
  8476 | D:10     | Entered Level 10 of the Dungeon
  8673 | D:10     | Received a gift from Okawaru
  8720 | D:10     | Gained mutation: You are partially covered in rugged brown scales (AC +1, +3% HP). [potion of mutation]
  8720 | D:10     | Gained mutation: You occasionally shout uncontrollably at your foes. [potion of mutation]
  8720 | D:10     | Gained mutation: Your spells are a little harder to cast, but a little more powerful. [potion of mutation]
  8951 | D:10     | Noticed Apostate's ghost (journeyman DsGl)
  8969 | D:10     | Killed Apostate's ghost
  9651 | D:11     | Noticed an unseen horror
  9669 | D:11     | Killed an unseen horror
  9838 | D:11     | Found a frozen archway.
  9876 | D:11     | Reached skill level 5 in Invocations
  9895 | IceCv    | Entered an ice cave
  9966 | IceCv    | Reached skill level 12 in Shields
 10832 | IceCv    | Noticed a necromancer
 10842 | IceCv    | Killed a necromancer
 10903 | IceCv    | Reached XP level 12. HP: 108/108 MP: 14/14
 11773 | Lair:1   | Entered Level 1 of the Lair of Beasts
 12573 | Lair:1   | Received a gift from Okawaru
 12864 | Lair:2   | Reached skill level 10 in Fighting
 13156 | Lair:2   | Reached skill level 10 in Armour
 13707 | Lair:3   | Received a gift from Okawaru
 13747 | Lair:3   | Got an iridescent great mace {god gift}
 13753 | Lair:3   | Identified the +0 great mace of Untruth {holy, Dex+4} (Okawaru gifted it to you on level 3 of the Lair of Beasts)
 13904 | Lair:3   | Noticed Maud
 13918 | Lair:3   | Killed Maud
 13918 | Lair:3   | Reached skill level 13 in Shields
 14429 | Lair:3   | Found a shimmering altar of Xom.
 15335 | Lair:4   | Noticed a six-headed hydra
 15346 | Lair:4   | Killed a six-headed hydra
 15346 | Lair:4   | Reached XP level 13. HP: 104/117 MP: 16/16
 15478 | Lair:4   | Reached ****** piety under Okawaru
 16077 | Lair:5   | Identified a scroll of acquirement
 16134 | Lair:5   | Received a gift from Okawaru
 16892 | Lair:5   | Found a staircase to the Swamp.
 17028 | Lair:5   | Reached skill level 14 in Shields
 17609 | Lair:6   | Found a labyrinth entrance.
 17624 | Lab      | Entered a labyrinth
 18342 | Lab      | Noticed a minotaur
 18350 | Lab      | Killed a minotaur
 23030 | Lair:6   | Found a hole to the Spider Nest.
 23308 | Lair:6   | Received a gift from Okawaru
 23515 | Lair:6   | Reached XP level 14. HP: 98/127 MP: 18/18
 23604 | Lair:6   | Received a gift from Okawaru
 23604 | Lair:6   | Reached skill level 10 in Dodging
 23607 | Lair:6   | Got a pitted crystal plate armour {god gift}
 23628 | Lair:6   | Identified the +9 crystal plate armour "Kugatuy" {rPois rN+ Dex+3} (Okawaru gifted it to you on level 6 of the Lair of Beasts)
 24467 | Lair:7   | Reached skill level 15 in Maces & Flails
 24514 | Lair:7   | Reached skill level 15 in Shields
 25057 | Lair:7   | Found a staircase to the Slime Pits.
 25066 | Lair:7   | Found a viscous altar of Jiyva.
 25465 | Lair:8   | Entered Level 8 of the Lair of Beasts
 25797 | Lair:8   | Received a gift from Okawaru
 25800 | Lair:8   | Got a crystal eveningstar {god gift}
 25804 | Lair:8   | Identified the +6 eveningstar of Abuse {vamp, MR+ Dex+3 SInv} (Okawaru gifted it to you on level 8 of the Lair of Beasts)
 25837 | Lair:8   | Got a scintillating jade ring
 25839 | Lair:8   | Identified the ring of the Amoeba {rElec MP+9 Int+2 Stlth+} (You found it on level 8 of the Lair of Beasts)
 26420 | Lair:8   | Received a gift from Okawaru
 26791 | Lair:8   | Reached XP level 15. HP: 130/135 MP: 20/20
 27071 | Lair:8   | Reached skill level 16 in Shields
 27570 | Orc:1    | Entered Level 1 of the Orcish Mines
 27758 | Orc:2    | Entered Level 2 of the Orcish Mines
 27913 | Orc:2    | Found Hyoronko's Antique Armour Emporium.
 27929 | Orc:2    | Received a gift from Okawaru
 28107 | Orc:2    | Found a staircase to the Elven Halls.
 28125 | Orc:2    | Noticed an orc warlord
 28166 | Orc:2    | Killed an orc warlord
 28236 | Orc:2    | Found Numemuwk's General Store.
 28280 | Orc:2    | Bought a potion of curing for 42 gold pieces
 28280 | Orc:2    | Bought a scroll of identify for 28 gold pieces
 28326 | Orc:2    | Found Xarghud's Antique Weapon Boutique.
 28444 | Orc:2    | Found Cule's Book Shop.
 30802 | D:14     | Found a gate to the Vaults.
 30803 | D:14     | Reached skill level 17 in Shields
 31206 | D:14     | Noticed Rupert
 31220 | D:14     | Killed Rupert
 31220 | D:14     | Received a gift from Okawaru
 31222 | D:14     | Noticed Azrael
 31237 | D:14     | Killed Azrael
 31251 | D:14     | Reached XP level 16. HP: 124/147 MP: 22/22
 31262 | D:14     | Got a fine cloak {god gift}
 31299 | D:14     | Identified the +0 cloak of Okawaru's Delight {Str-5 Dex+5} (Okawaru gifted it to you on level 14 of the Dungeon)
 31600 | D:15     | Entered Level 15 of the Dungeon
 31665 | D:15     | Noticed Louise
 31681 | D:15     | Killed Louise
 31827 | D:15     | Reached skill level 10 in Invocations
 31947 | D:15     | Found Jynug's Magic Scroll Emporium.
 31952 | D:15     | Bought a scroll of teleportation for 45 gold pieces
 31952 | D:15     | Bought a scroll of summoning for 142 gold pieces
 31952 | D:15     | Bought a scroll of remove curse for 45 gold pieces
 31952 | D:15     | Bought a scroll of magic mapping for 52 gold pieces
 31952 | D:15     | Bought a scroll of enchant weapon for 112 gold pieces
 31952 | D:15     | Bought a scroll of identify for 30 gold pieces
 31952 | D:15     | Bought a scroll of remove curse for 45 gold pieces
 31952 | D:15     | Bought a scroll of magic mapping for 52 gold pieces
 32241 | D:15     | Found a staircase to the Depths.
 32717 | Swamp:1  | Entered Level 1 of the Swamp
 33455 | Swamp:2  | Reached skill level 18 in Shields
 34251 | Swamp:3  | Identified a +2 rod of shadows (10/10) (You found it on level 8 of the Lair of Beasts)
 34790 | Swamp:4  | Entered Level 4 of the Swamp
 34821 | Swamp:4  | Received a gift from Okawaru
 35202 | Swamp:4  | Noticed the 27-headed Lernaean hydra
 35214 | Swamp:4  | Killed the 27-headed Lernaean hydra
 35821 | Swamp:4  | Got a decaying rune of Zot
 36036 | Swamp:1  | Reached XP level 17. HP: 155/155 MP: 24/24
 36084 | Spider:1 | Entered Level 1 of the Spider Nest
 36552 | Spider:1 | Received a gift from Okawaru
 36558 | Spider:1 | Got a polished longbow {god gift}
 36609 | Spider:1 | Reached skill level 19 in Shields
 36642 | Spider:1 | Noticed Donald
 36650 | Spider:1 | Killed Donald
 37686 | Spider:3 | Received a gift from Okawaru
 37950 | Spider:3 | Noticed Arachne
 37964 | Spider:3 | Killed Arachne
 38010 | Spider:3 | Got a scorched cloak
 38021 | Spider:3 | Identified the +2 cloak "Tihirgh" {rN+ Str-3 Int+3} (You found it on level 3 of the Spider Nest)
 38552 | Spider:3 | Received a gift from Okawaru
 39313 | Spider:4 | Entered Level 4 of the Spider Nest
 39437 | Spider:4 | Reached XP level 18. HP: 166/166 MP: 25/25
 39565 | Spider:4 | Reached skill level 20 in Shields
 39951 | Spider:4 | Reached skill level 15 in Armour
 40139 | Spider:4 | Reached skill level 15 in Fighting
 40466 | Spider:4 | Got a gossamer rune of Zot
 41281 | Vaults:1 | Entered Level 1 of the Vaults
 41655 | Vaults:1 | Received a gift from Okawaru
 41661 | Vaults:1 | Reached skill level 1 in Evocations
 41675 | Vaults:1 | Got a pair of encrusted boots {god gift}
 41686 | Vaults:1 | Identified the +1 pair of boots of Anaesthesia {rC++} (Okawaru gifted it to you on level 1 of the Vaults)
 42753 | Vaults:2 | Reached skill level 21 in Shields
 43063 | Vaults:2 | Reached XP level 19. HP: 177/177 MP: 27/27
 43172 | Vaults:2 | Received a gift from Okawaru
 43451 | Vaults:2 | Received a gift from Okawaru
 43970 | Vaults:3 | Reached skill level 15 in Dodging
 44051 | Vaults:3 | Found a staircase to the Crypt.
 44778 | Vaults:3 | Reached skill level 22 in Shields
 44896 | Vaults:3 | Got a crude copper ring
 44933 | Vaults:3 | Identified the ring of Adytag {rCorr rC+ rN+++ Int-5 Slay+3} (You took it off a salamander stormcaller on level 3 of the Vaults)
 45016 | Vaults:3 | Received a gift from Okawaru
 45476 | Vaults:3 | Reached XP level 20. HP: 188/188 MP: 28/28
 45976 | Vaults:3 | Received a gift from Okawaru
 46579 | Vaults:4 | Got a fine hat
 46590 | Vaults:4 | Identified the +2 hat of the Ego {rN+} (You acquired it on level 4 of the Vaults)
 46843 | Vaults:4 | Reached skill level 23 in Shields
 46934 | Vaults:4 | Received a gift from Okawaru
 47340 | Vaults:4 | Reached skill level 5 in Evocations
 48027 | Depths:1 | Entered Level 1 of the Depths
 48034 | Depths:1 | Found a corrupted altar of Lugonu.
 48221 | Depths:1 | Received a gift from Okawaru
 48403 | Depths:1 | Found a gateway to Hell.
 48403 | Depths:1 | Noticed Margery
 48418 | Depths:1 | Killed Margery
 48424 | Depths:1 | Reached XP level 21. HP: 198/198 MP: 19/29
 50426 | Depths:2 | Received a gift from Okawaru
 50454 | Depths:2 | Found a one-way gate leading to the halls of Pandemonium.
 50562 | Depths:2 | Reached skill level 24 in Shields
 50646 | Depths:2 | Identified a +0 rod of shadows (5/12) (You took it off a vampire knight on level 2 of the Depths)
 50653 | Depths:2 | Got a scorched tin ring
 50658 | Depths:2 | Identified the ring of Listriphe {Str+8 Stlth-} (You took it off a vampire knight on level 2 of the Depths)
 50856 | Depths:3 | Found a shimmering altar of Xom.
 51087 | Depths:3 | Received a gift from Okawaru
 51671 | Depths:3 | Reached XP level 22. HP: 210/210 MP: 17/30
 51751 | Depths:3 | Paralysed by a giant eyeball for 2 turns
 52150 | Depths:4 | Received a gift from Okawaru
 52494 | Depths:4 | Found a one-way gate to the infinite horrors of the Abyss.
 52869 | Depths:4 | Got a vibrating amber ring
 53284 | Depths:5 | Entered Level 5 of the Depths
 53287 | Depths:5 | Noticed Sojobo
 53316 | Depths:5 | Killed Sojobo
 53325 | Depths:5 | Reached skill level 25 in Shields
 53630 | Depths:5 | Noticed Jorgrun
 53647 | Depths:5 | Killed Jorgrun
 53691 | Depths:5 | Received a gift from Okawaru
 53730 | Depths:5 | Found a gateway to a ziggurat.
 53970 | Depths:5 | Noticed a golden dragon
 53976 | Depths:5 | Noticed a golden dragon
 53979 | Depths:5 | Killed a golden dragon
 53989 | Depths:5 | Killed a golden dragon
 54042 | Depths:5 | Found a gate to the Realm of Zot.
 54052 | Depths:5 | Reached XP level 23. HP: 204/219 MP: 31/31
 54260 | Depths:5 | Identified the ring of Putuh {Dex+4 Stlth-} (You took it off a frost giant on level 4 of the Depths)
 54647 | Hell     | Entered the Vestibule of Hell
 54647 | Hell     | Noticed Geryon
 54679 | Hell     | Killed Geryon
 54679 | Hell     | Received a gift from Okawaru
 54749 | Hell     | Got a pair of fine gloves {god gift}
 54760 | Hell     | Identified the +0 pair of gloves of Gallantry {Str+3} (Okawaru gifted it to you in the Vestibule of Hell)
 54974 | Hell     | Found a gateway to the Iron City of Dis.
 55127 | Hell     | Found a gateway to the ashen valley of Gehenna.
 55212 | Hell     | Found a gateway to the decaying netherworld of Tartarus.
 55309 | Hell     | Found a gateway to the freezing wastes of Cocytus.
 55610 | Depths:3 | Noticed a caustic shrike
 55610 | Depths:3 | a frost giant changed into a caustic shrike
 55615 | Depths:3 | Killed a caustic shrike
 56523 | Elf:1    | Entered Level 1 of the Elven Halls
 56572 | Elf:1    | Reached skill level 10 in Evocations
 57795 | Elf:2    | Found a huge runed gate.
 57795 | Elf:2    | Found a huge runed gate.
 57795 | Elf:2    | Found a huge runed gate.
 57795 | Elf:2    | Found a huge runed gate.
 57795 | Elf:2    | Found a huge runed gate.
 57856 | Elf:2    | Found Sacathob's Jewellery Boutique.
 58061 | Elf:2    | Noticed Nikola
 58089 | Elf:2    | Killed Nikola
 58372 | Elf:2    | Noticed Wiglaf
 58384 | Elf:2    | Killed Wiglaf
 58509 | Elf:3    | Entered Level 3 of the Elven Halls
 58882 | Elf:3    | Received a gift from Okawaru
 58917 | Elf:3    | Found a portal to a secret trove of treasure.
 59329 | Elf:3    | Reached XP level 24. HP: 231/231 MP: 24/31
 59732 | Elf:3    | Identified the Tome of Shifting Confrontation (You found it on level 3 of the Elven Halls)
 59753 | Elf:3    | Identified the Collected Works on Virous Moulding
 61332 | Elf:3    | You paid a toll of a +7 demon blade to enter a treasure trove
 61333 | Trove    | Entered a treasure trove
 61343 | Trove    | Got a brightly glowing hand crossbow
 61353 | Trove    | Got a bound steel ring
 61375 | Trove    | Identified the +3 hand crossbow of Bloody Death {elec, rN+} (You found it in a treasure trove)
 61388 | Trove    | Identified the ring of Attitude {Wiz *Confuse +Blink rPois rF- Str+6} (You found it in a treasure trove)
 61830 | Vaults:5 | Entered Level 5 of the Vaults
 62033 | Vaults:5 | Received a gift from Okawaru
 62152 | Vaults:5 | Got a pair of shimmering gloves {god gift}
 62171 | Vaults:5 | Identified the +1 pair of gloves of the Many Seas {rN+} (Okawaru gifted it to you on level 5 of the Vaults)
 62192 | Vaults:5 | Identified a +2 rod of shadows (9/9) (You found it on level 5 of the Vaults)
 62199 | Vaults:5 | Identified the Catalogue of Sinister Magic
 62287 | Vaults:5 | Reached XP level 25. HP: 243/243 MP: 31/31
 62326 | Vaults:5 | Got a brightly glowing platinum ring
 62345 | Vaults:5 | Identified the ring of Rofil {rCorr *Confuse rElec rN+} (You found it on level 5 of the Vaults)
 62508 | Vaults:5 | Gained mutation: You have a pair of large horns on your head. [potion of beneficial mutation]
 62509 | Vaults:5 | Lost mutation: You occasionally shout uncontrollably at your foes. [potion of cure mutation]
 62509 | Vaults:5 | Lost mutation: You have a pair of large horns on your head. [potion of cure mutation]
 62509 | Vaults:5 | Lost mutation: You are partially covered in rugged brown scales (AC +1, +3% HP). [potion of cure mutation]
 62509 | Vaults:5 | Lost mutation: Your spells are a little harder to cast, but a little more powerful. [potion of cure mutation]
 62939 | Vaults:5 | Found Qaluz's Jewellery Shop.
 62951 | Vaults:5 | Bought the ring "Nuall" {SustAt rElec Str+7} for 600 gold pieces
 62951 | Vaults:5 | Bought the ring "Voagy" {rCorr +Fly rElec rF+} for 560 gold pieces
 63019 | Vaults:5 | Received a gift from Okawaru
 63187 | Vaults:5 | Got a silver rune of Zot
 64274 | Zot:1    | Entered Level 1 of the Realm of Zot
 64653 | Orc:2    | Bought a glowing eveningstar for 480 gold pieces
 66272 | Zot:1    | Found a basalt altar of Yredelemnul.
 66289 | Zot:1    | Identified the Tome of the Zealot
 66305 | Zot:1    | Identified Kiemimeq's Handbook of Fire and Brimstone
 66714 | Zot:2    | Received a gift from Okawaru
 66917 | Zot:2    | Reached XP level 26. HP: 203/248 MP: 28/32
 67576 | Zot:2    | Noticed an orb of fire
 67587 | Zot:2    | Killed an orb of fire
 68856 | Zot:3    | Gained mutation: Your spells are a little harder to cast, but a little more powerful. [potion of beneficial mutation]
 71885 | Zot:5    | Entered Level 5 of the Realm of Zot
 72223 | Zot:5    | Noticed an ancient lich
 72232 | Zot:5    | Killed an ancient lich
 72321 | Zot:5    | Noticed an orb of fire
 72327 | Zot:5    | Gained mutation: You are clumsy. (Dex -2) [an orb of fire]
 72341 | Zot:5    | Killed an orb of fire
 72341 | Zot:5    | Reached skill level 15 in Evocations
 72487 | Zot:5    | Received a gift from Okawaru
 72498 | Zot:5    | Got a transparent eveningstar {god gift}
 72499 | Zot:5    | Identified the +8 eveningstar "Dafom" {venom, *Confuse rF+++ rN++ Str+3} (Okawaru gifted it to you on level 5 of the Realm of Zot)
 72546 | Zot:5    | Noticed an orb of fire
 72555 | Zot:5    | Killed an orb of fire
 72555 | Zot:5    | Reached XP level 27. HP: 260/260 MP: 25/33
 72708 | Zot:5    | Noticed an orb of fire
 72711 | Zot:5    | Lost mutation: Your spells are a little harder to cast, but a little more powerful. [an orb of fire]
 72720 | Zot:5    | Killed an orb of fire
 72757 | Zot:5    | Noticed an orb of fire
 72758 | Zot:5    | Gained mutation: You are occasionally teleported next to monsters. [an orb of fire]
 72763 | Zot:5    | Gained mutation: You are weak. (Str -2) [an orb of fire]
 72779 | Zot:5    | Killed an orb of fire
 72832 | Zot:5    | Received a gift from Okawaru
 72842 | Zot:5    | Noticed an orb of fire
 72858 | Zot:5    | Gained mutation: You are dopey. (Int -2) [an orb of fire]
 72860 | Zot:5    | Killed an orb of fire
 72861 | Zot:5    | Lost mutation: You are weak. (Str -2) [potion of cure mutation]
 72861 | Zot:5    | Lost mutation: You are clumsy. (Dex -2) [potion of cure mutation]
 72861 | Zot:5    | Lost mutation: You are dopey. (Int -2) [potion of cure mutation]
 72961 | Zot:5    | Got the Orb of Zot
 73028 | Zot:5    | Noticed Ujoti the pandemonium lord
 73042 | Zot:5    | Noticed an ancient lich
 73119 | Zot:3    | Gained mutation: You tend to lose your temper in combat. [a cacodemon]
 73323 | D:14     | Noticed Tominocw the pandemonium lord
 73352 | D:13     | Noticed a seraph
 73445 | D:9      | Noticed Nepu the pandemonium lord
 73628 | D:$      | Escaped with the Orb!

Skill      XL: |  1  2  3  4  5  6  7  8  9 10 11 12 13 14 15 16 17 18 19 20 21 22 23 24 25 26 27 |
---------------+----------------------------------------------------------------------------------+-----
Shields        | 4 6 8 9 10 12 13 14 15 17 18 19 21 22 23 24 25 | 25.5
Maces & Flails | 3 5 6 8 9 10 12 13 14 15 16 | 16.1
Dodging        | 1 2 3 4 5 6 7 8 9 10 11 12 13 14 15 16 17 19 20 22 23 | 23.9
Fighting       | 4 5 6 7 8 9 10 11 12 13 14 15 16 17 18 19 20 21 22 23 24 | 24.3
Armour         | 4 5 6 7 8 9 10 11 12 13 14 15 16 17 18 19 20 21 22 23 24 | 24.0
Invocations    | 1 2 4 5 6 7 8 9 10 11 12 | 12.2
Evocations     | 2 5 7 9 10 12 14 15 | 15.9

Action                   |  1- 3 |  4- 6 |  7- 9 | 10-12 | 13-15 | 16-18 | 19-21 | 22-24 | 25-27 || total
-------------------------+-------+-------+-------+-------+-------+-------+-------+-------+-------++-------
Melee: Flail             |    90 |    57 |   348 |  1186 |    83 |       |       |       |       ||  1764
       Headbutt          |    16 |    13 |    58 |   280 |   541 |   555 |   732 |   711 |   577 ||  3483
       Morningstar       |       |       |       |       |   762 |       |       |       |       ||   762
       Eveningstar       |       |       |       |       |  1095 |  1696 |  1853 |  1881 |  1421 ||  7946
Invok: Heroism           |       |       |     2 |    11 |    15 |     9 |    16 |    13 |    11 ||    77
       Finesse           |       |       |       |       |     7 |     7 |    17 |    13 |    11 ||    55
 Abil: Evoke Berserk Rag |       |       |     1 |     4 |     8 |     6 |    13 |     7 |     5 ||    44
       Evoke Flight      |       |       |       |       |       |       |       |       |     2 ||     2
Evoke: Wand              |       |       |       |       |       |     1 |       |       |    14 ||    15
       Box of beasts     |       |       |       |       |       |       |       |     1 |       ||     1
       Horn of Geryon    |       |       |       |       |       |       |       |       |     1 ||     1
  Use: Scroll            |       |     3 |    12 |    15 |     7 |    15 |     9 |    27 |    15 ||   103
       Potion            |       |     1 |     7 |     4 |     2 |     6 |     8 |     5 |    13 ||    46
 Stab: Confused          |       |       |       |       |       |     1 |       |       |       ||     1
       Distracted        |       |       |       |       |       |       |       |     1 |       ||     1
  Eat: Meat ration       |     1 |       |       |       |     5 |     6 |     6 |     7 |     2 ||    27
       Bread ration      |       |       |     4 |     4 |     8 |     4 |     2 |     1 |     5 ||    28
       Royal jelly       |       |       |       |     4 |       |       |       |       |       ||     4
       Beef jerky        |       |       |       |     1 |       |       |       |     1 |     9 ||    11
       Pizza             |       |       |       |     2 |     3 |     2 |     1 |     2 |       ||    10
Armor: Scale mail        |    35 |     4 |       |       |       |       |       |       |       ||    39
       Chain mail        |       |    23 |   145 |   408 |   210 |       |       |       |       ||   786
       Crystal plate arm |       |       |       |       |   600 |   717 |   524 |   708 |   315 ||  2864
Dodge: Dodged            |    24 |    10 |    79 |   296 |   492 |   464 |   567 |   963 |   544 ||  3439
Block: Shield            |    52 |    29 |   168 |    90 |       |       |       |       |       ||   339
       Large shield      |       |       |       |  1012 |  2488 |  2170 |  2156 |  2901 |  2069 || 12796
       Reflection        |       |       |       |       |    30 |    42 |   105 |   208 |    50 ||   435
